Map: Ascension to Aiur LE

Players

Creamii - Winner!

  • Race: Terran Terran
  • League: Silver
  • Spawn Location: 5:00

Winthrowe

  • Race: Protoss Protoss
  • League: Silver
  • Spawn Location: 11:00

VOD

Have the link to the VOD?

Description

Time

  • Played on: Sept. 3, 2017, 3:39 p.m.
  • Length: 15:23
Show
View Real Time Build Order
Export as new Build Order

Creamii Terran - Winner!

Build Orders:  

Get SALT Encoding   

  12  0:12  Supply Depot  
  12  0:15  SCV  
  13  0:29  SCV  
  14  0:36  Barracks  
  14  0:43  Refinery  
  14  0:44  SCV  
  15  0:56  SCV  
  16  1:23  Supply Depot  
  16  1:25  Orbital Command, Engineering Bay  
  16  1:28  Marine  
  17  1:46  Marine  
  18  1:52  Factory  
  18  1:54  SCV  
  19  2:04  Marine  
  19  2:06  SCV  
  21  2:16  Refinery  
  21  2:18  SCV  
  21  2:21  Marine  
  23  2:30  SCV  
  24  2:37  Factory Tech Lab  
  24  2:39  Marine  
  24  2:42  SCV  
  26  2:47  Starport  
  26  2:57  Marine  
  27  3:01  Supply Depot  
  27  3:03  Supply Depot  
  27  3:10  Missile Turret  
  27  3:14  SCV  
  27  3:15  Missile Turret  
  27  3:19  Marine  
  29  3:23  Supply Depot  
  29  3:26  Starport Tech Lab  
  29  3:27  SCV  
  30  3:32  Siege Tank  
  33  3:45  SCV  
  33  3:46  Marine  
  35  3:56  Medivac  
  35  3:57  SCV  
  38  4:04  Marine  
  39  4:15  Command Center  
  39  4:18  Siege Tank  
  42  4:27  Terran Infantry Weapons Level 1  
  42  4:31  Marine  
  43  4:41  Barracks  
  43  4:52  Marine  
  44  5:10  Marine  
  44  5:11  Banshee  
  48  5:28  Marine  
  49  5:34  Barracks Tech Lab  
  49  5:43  Armory  
  49  5:53  SCV x2  
  49  5:54  Banshee  
  54  6:05  SCV x2  
  54  6:07  Supply Depot  
  56  6:16  Missile Turret  
  56  6:17  SCV x2  
  58  6:28  Missile Turret  
  58  6:29  SCV  
  58  6:30  Supply Depot  
  58  6:31  Marine  
  58  6:32  Marine  
  61  6:39  Missile Turret, SCV  
  62  6:41  SCV  
  63  6:49  Marine  
  63  6:50  Missile Turret  
  63  6:51  SCV  
  63  6:53  Supply Depot, SCV  
  63  6:54  Refinery  
  66  7:00  Siege Tank  
  66  7:01  Missile Turret  
  69  7:03  SCV  
  69  7:06  Banshee  
  73  7:09  Marine  
  73  7:10  Marine  
  73  7:15  Missile Turret  
  75  7:24  Supply Depot  
  75  7:25  Supply Depot  
  75  7:27  Marine, Supply Depot  
  75  7:28  Marine  
  77  7:43  Barracks  
  77  7:45  Marine  
  77  7:49  Medivac  
  80  7:53  Starport  
  80  8:14  Marine  
  80  8:15  Barracks Tech Lab  
  80  8:19  Banshee  
  84  8:31  Marine  
  85  8:34  Marine  
  86  8:44  Terran Infantry Armor Level 1  
  86  8:46  Terran Ship Weapons Level 1, Barracks Reactor  
  86  8:49  Marine  
  86  8:52  Marine, Refinery  
  88  9:02  Viking, SCV x2  
  92  9:07  Marine  
  93  9:10  Marine  
  93  9:14  SCV x2  
  85  9:25  Marine  
  85  9:26  SCV x2  
  85  9:28  Marine  
  87  9:32  Marine  
  87  9:33  Marine  
  90  9:38  SCV  
  90  9:39  SCV  
  90  9:43  Marine, Supply Depot  
  90  9:44  Supply Depot  
  92  9:45  Marine  
  92  9:46  Supply Depot  
  92  9:50  Marine, SCV  
  92  9:51  Marine, SCV  
  97  10:01  Marine  
  97  10:02  SCV  
  97  10:03  Marine, SCV  
  97  10:05  Siege Tank  
  104  10:08  Marine  
  104  10:09  Marine, Command Center  
  106  10:14  SCV  
  106  10:18  Marine  
  104  10:21  Marine  
  104  10:26  Marine x2  
  82  10:36  Marine  
  82  10:37  Siege Tank, Terran Infantry Weapons Level 2  
  82  10:39  Marine  
  82  10:41  Terran Vehicle Weapons Level 1  
  83  10:55  Marine  
  83  10:56  Marine x2  
  86  10:57  Marine  
  86  11:00  Medivac x2  
  91  11:09  Siege Tank  
  94  11:13  Marine  
  94  11:14  Marine x3  
  98  11:30  Banshee, Medivac  
  98  11:31  Marine x2, Command Center  
  98  11:32  Marine x2  
  107  11:41  Siege Tank  
  110  11:49  Marine x3  
  110  11:50  Marine  
  114  12:07  Marine x3  
  114  12:08  Marine  
  117  12:13  Banshee  
  117  12:15  SCV x2  
  123  12:24  Marine  
  123  12:25  Marine x2  
  123  12:26  Marine  
  123  12:27  SCV x2  
  129  12:39  SCV x2, Starport Tech Lab  
  129  12:42  Marine  
  129  12:43  Marine x2  
  129  12:44  Marine  
  135  12:46  Missile Turret  
  135  12:55  Banshee  
  138  13:00  Marine  
  138  13:01  Marine x3  
  142  13:07  Missile Turret  
  142  13:08  Refinery  
  142  13:09  Refinery  
  142  13:18  Marine x3  
  142  13:19  Marine  
  146  13:25  Thor  
  152  13:30  Missile Turret  
  152  13:36  Marine x3  
  152  13:37  Marine  
  156  13:53  Missile Turret  
  156  13:54  Marine  
  157  13:56  Marine  
  157  13:57  Marine  
  157  14:01  Marine  
  155  14:06  Supply Depot  
  155  14:08  Supply Depot  
  148  14:15  Marine  
  149  14:19  Marine  
  149  14:23  Marine  
  151  14:24  Marine  
  151  14:30  Supply Depot  
  152  14:33  Marine  
  152  14:37  Marine  
  150  14:41  Marine  
  150  14:42  Marine  
  152  14:50  Marine  
  153  14:55  Marine  
  153  14:59  Marine  
  161  15:00  Marine  
Show
View Real Time Build Order
Export as new Build Order

Winthrowe Protoss 

Build Orders:  

Get SALT Encoding   

  12  0:02  Probe (Chrono Boost)  
  13  0:12  Probe (Chrono Boost)  
  14  0:23  Pylon  
  14  0:38  Assimilator  
  14  0:42  Assimilator  
  14  0:53  Gateway  
  14  0:56  Forge  
  14  1:07  Probe (Chrono Boost)  
  15  1:17  Probe (Chrono Boost)  
  16  1:26  Pylon  
  16  1:28  Probe (Chrono Boost)  
  16  1:31  Pylon  
  17  1:38  Probe (Chrono Boost)  
  18  1:49  Probe (Chrono Boost)  
  18  1:52  Cybernetics Core  
  19  2:00  Probe (Chrono Boost)  
  20  2:10  Probe (Chrono Boost)  
  21  2:21  Probe (Chrono Boost)  
  22  2:31  Probe (Chrono Boost)  
  22  2:35  Warp Gate  
  23  2:38  Nexus  
  23  2:45  Pylon  
  23  2:52  Pylon  
  23  3:15  Gateway  
  23  3:21  Twilight Council  
  23  3:33  Mothership Core (Chrono Boost)  
  25  3:51  Gateway x2, Probe (Chrono Boost)  
  25  3:55  Probe (Chrono Boost)  
  27  4:02  Probe (Chrono Boost)  
  28  4:05  Probe (Chrono Boost)  
  29  4:12  Probe (Chrono Boost)  
  29  4:15  Probe (Chrono Boost)  
  32  4:24  Probe  
  32  4:31  Probe  
  33  4:36  Probe  
  34  4:43  Probe  
  35  4:48  Zealot x2  
  35  4:49  Zealot x2  
  43  4:53  Protoss Ground Weapons Level 1 (Chrono Boost)  
  43  4:57  Probe x2  
  45  5:01  Charge (Chrono Boost)  
  45  5:09  Probe x2  
  47  5:22  Zealot x3  
  47  5:23  Zealot  
  55  5:35  Pylon  
  55  5:39  Pylon  
  55  5:40  Pylon  
  55  5:43  Pylon  
  55  5:45  Probe x2  
  57  5:50  Sentry x3  
  57  5:52  Sentry  
  65  5:57  Probe  
  66  6:09  Probe  
  66  6:10  Probe  
  68  6:21  Probe  
  68  6:22  Probe  
  70  6:29  Protoss Shields Level 1  
  70  6:34  Nexus  
  70  6:37  Zealot x4  
  78  6:44  Pylon  
  78  6:48  Pylon  
  78  6:52  Pylon  
  78  6:55  Pylon  
  78  7:03  Sentry x4  
  86  7:26  Gateway  
  86  7:31  Gateway  
  86  7:41  Gateway  
  86  7:44  Sentry  
  86  7:45  Sentry  
  86  7:48  Zealot, Gateway  
  86  7:49  Zealot  
  94  8:07  Gateway  
  94  8:08  Protoss Ground Armor Level 1  
  94  8:11  Zealot x2  
  94  8:12  Zealot x2  
  102  8:48  Robotics Facility  
  102  8:50  Robotics Facility  
  102  9:14  Zealot x3  
  102  9:15  Zealot x3  
  102  9:16  Zealot  
  88  9:27  Pylon  
  68  9:44  Protoss Ground Weapons Level 2  
  68  9:50  Adept x3  
  68  9:51  Adept x4  
  82  9:57  Gateway  
  82  10:13  Protoss Air Weapons Level 1  
  49  10:54  Zealot  
  49  10:55  Zealot x2  
  55  10:57  Stalker x3  
  55  10:58  Stalker  
  63  11:30  Stalker x2  
  63  11:31  Stalker x3, Pylon  
  73  11:34  Pylon  
  73  11:35  Zealot  
  73  11:36  Zealot  
  73  11:39  Pylon  
  77  11:40  Gateway  
  77  11:42  Protoss Ground Armor Level 2, Gateway  
  77  12:10  Gateway  
  77  12:13  Gateway  
  77  12:19  Gateway  
  77  12:21  Gateway  
  77  12:22  Gateway  
  77  12:25  Gateway  
  77  12:34  Warp Prism  
  77  12:35  Warp Prism  
  81  12:45  Assimilator  
  81  12:46  Assimilator  
  81  12:49  Assimilator  
  81  12:52  Assimilator  
  81  13:08  Nexus  
  81  13:11  Immortal x2  
  89  13:35  Stalker x3  
  89  13:36  Stalker x3  
  89  13:37  Stalker x2  
  89  13:39  Stalker  
  107  13:42  Zealot x2  
  107  13:43  Zealot x4  
  107  13:44  Zealot x2  
  123  13:50  Immortal  
  59  14:21  Stalker x3  
  59  14:22  Stalker x3  
  63  14:25  Zealot x6  
  63  14:26  Zealot x2  
  63  14:27  Zealot x2  
  63  14:28  Zealot  
  49  14:48  Zealot x2  
  49  14:49  Zealot x4  
  49  14:50  Zealot x5  
  49  14:51  Zealot x3  
  71  14:52  Zealot  
  71  14:56  Sentry x2  
Tags
 
Add a new tag
Caveats
  • Supply blocks, unpowered buildings, or Contaminate may cause inaccurate times.
  • Supply counts are checked every 10 seconds.